AoeStats
← miaousyo

Arena

510292505Analyzed
2v2 RM · 2d ago on Sep 30, 2026· 76m 59s· 4 players
Game mode
Random Map
Map size
Medium (4 player)
Population
200
Speed
Normal
Resources
Standard
Victory
Conquest
Starting age
Dark Age
Ending age
Imperial Age
RankedLock teamsTeams togetherTeam positionsShared explorationLock speedFull tech treeHidden civsTurbo modeCheats
Victory
Defeat
🇫🇷 Byzantines · France
933
+16
🇫🇷 Cumans · France
855
+18
🇨🇳 Bohemians · China
926
-17
🇭🇰 Goths · Hong Kong SAR China
926
-17
a-pb
10:36 Feudal Age
14:36 Castle Age
12:55 Double-Bit Axe
17:05 Horse Collar
26:41 Imperial Age
25:18 Gold Mining
26:31 Wheelbarrow
26:14 Bow Saw
26:38 Heavy Plow
27:08 Scale Barding Armor
28:40 Crop Rotation
28:33 Chain Barding Armor
29:56 Plate Barding Armor
29:32 Forging
29:59 Crossbowman
31:08 Fletching
31:20 Padded Archer Armor
31:18 Arbalester
33:37 Hand Cart
33:12 Loom
34:59 Gold Shaft Mining
34:14 Stone Mining
35:28 Chemistry
34:49 Bodkin Arrow
35:10 Leather Archer Armor
35:31 Iron Casting
35:18 Ballistics
36:50 Bracer
37:21 Ring Archer Armor
38:00 Two-Man Saw
39:28 Elite Skirmisher
40:14 Thumb Ring
45:58 Conscription
45:10 Light Cavalry
46:34 Hussar
47:19 Scale Mail Armor
54:45 Husbandry
69:21 Onager
miaousyo
9:36 Loom
11:40 Feudal Age
15:52 Double-Bit Axe
18:27 Horse Collar
22:18 Castle Age
24:16 Heavy Plow
24:30 Bow Saw
30:55 Imperial Age
28:49 Forging
28:44 Padded Archer Armor
28:48 Fletching
30:45 Leather Archer Armor
30:36 Scale Barding Armor
31:04 Thumb Ring
31:45 Elite Skirmisher
32:33 Murder Holes
33:09 Ballistics
35:12 Ring Archer Armor
34:38 Bodkin Arrow
35:16 Chain Barding Armor
35:33 Iron Casting
36:21 Gold Mining
37:16 Masonry
36:57 Heated Shot
38:08 Chemistry
37:44 Pikeman
47:04 Halberdier
54:44 Blast Furnace
手抓羊排
10:07 Feudal Age
13:52 Castle Age
11:55 Double-Bit Axe
12:22 Horse Collar
13:35 Loom
16:43 Wheelbarrow
17:15 Fervor
23:20 Bow Saw
23:13 Heavy Plow
24:09 Wheelbarrow
26:52 Hand Cart
27:16 Padded Archer Armor
27:18 Scale Mail Armor
27:28 Forging
30:42 Imperial Age
29:28 Wagenburg Tactics
30:27 Chemistry
32:02 Leather Archer Armor
32:24 Iron Casting
32:04 Chain Mail Armor
32:16 Town Watch
33:05 Conscription
32:51 Hussite Reforms
33:07 Town Patrol
34:28 Two-Man Saw
33:53 Houfnice
36:10 Ring Archer Armor
36:41 Blast Furnace
36:11 Plate Mail Armor
36:27 Siege Engineers
36:43 Ballistics
36:20 Murder Holes
41:58 Fletching
42:20 Masonry
48:48 Husbandry
48:08 Light Cavalry
59:37 Elite Skirmisher
60:18 Bodkin Arrow
59:51 Onager
69:39 Architecture
70:18 Elite Hussite Wagon
72:01 Bracer
72:08 Scale Barding Armor
1997w.q.
11:19 Feudal Age
16:13 Castle Age
14:32 Double-Bit Axe
14:32 Horse Collar
14:45 Stone Mining
16:03 Gold Mining
17:16 Bow Saw
17:08 Heavy Plow
28:41 Loom
29:18 Anarchy
29:40 Masonry
30:22 Squires
31:01 Forging
30:58 Scale Barding Armor
35:57 Imperial Age
36:20 Pikeman
37:40 Scale Mail Armor
38:15 Iron Casting
39:23 Halberdier
41:38 Chain Mail Armor
42:24 Blast Furnace
49:46 Crop Rotation
Connection lost

Rejoining the realm…

Still unreachable

The connection could not be restored.

Session expired

The server has moved on; the page needs a fresh start.